 Dungeon Crawl Stone Soup version 0.29.1-15-g9cfb28693d (webtiles) character file.

Game seed: 10459780252240522373

88 firemarshallily the Slasher (level 4, -1/35 HPs)
             Began as a Demonspawn Gladiator on Mar 19, 2023.
             Killed by divine providence
             ... invoked by an orc priest
              (15 damage)
             ... on level 3 of the Dungeon.
             The game lasted 00:03:52 (2083 turns).

firemarshallily the Slasher (Demonspawn Gladiator)  Turns: 2083, Time: 00:03:53

Health: -1/35      AC:  7    Str: 14    XL:     4   Next: 30%
Magic:  4/4        EV: 13    Int:  9    God:
Gold:   172        SH:  0    Dex: 17    Spells: 3/3 levels left

rFire   . . .      SeeInvis .   a - +0 long sword
rCold   + . .      Faith    .   (no shield)
rNeg    . . .      Spirit   .   b - +0 leather armour
rPois   .          Reflect  .   c - +0 helmet
rElec   .          Harm     .   (no cloak)
rCorr   .          Rampage  .   g - +0 pair of gloves
Will    .....                   (no boots)
Stlth   +.........              (no amulet)
HPRegen 0.11/turn               r - ring of protection from cold
MPRegen 0.09/turn               (no ring)

@: no status effects
A: thin metallic scales 1, powered by death 2
a: no special abilities


You were on level 3 of the Dungeon.
You visited 1 branch of the dungeon, and saw 3 of its levels.

You collected 172 gold pieces.

Inventory:

Hand Weapons
 a - a +0 long sword (weapon)
Missiles
 d - 3 throwing nets
 e - 6 javelins (quivered)
 u - 2 poisoned darts
Armour
 b - a +0 leather armour (worn)
 c - a +0 helmet (worn)
 g - a +0 pair of gloves (worn)
Jewellery
 r - a ring of protection from cold (left hand)
Scrolls
 f - a scroll of magic mapping {unknown}
 j - 5 scrolls of teleportation {unknown}
 k - 2 scrolls of identify {unknown}
 m - 2 scrolls of enchant weapon {unknown}
 n - 6 scrolls of noise {unknown}
 p - a scroll of immolation {unknown}
 q - a scroll of butterflies {unknown}
 s - a scroll of brand weapon {unknown}
Potions
 h - 2 potions of flight {unknown}
 i - a potion of heal wounds {unknown}
 l - a potion of brilliance {unknown}
 o - a potion of curing {unknown}
 t - a potion of degeneration {unknown}


   Skills:
 * Level 3.1 Fighting
 * Level 3.4 Long Blades
 - Level 1.7 Throwing
 + Level 1.1 Armour
 + Level 3.1 Dodging


You had 3 spell levels left.
You didn't know any spells.
Your spell library contained the following spells:

 Spells                   Type           Power      Damage    Failure   Level
 Gell's Gravitas          Tloc           0%         N/A       83%         3
 Teleport Other           Tloc           0%         N/A       83%         3
 Dispersal                Tloc           0%         N/A       100%        6


Dungeon Overview and Level Annotations

Branches:
Dungeon (3/15)

Altars:


Innate Abilities, Weirdness & Mutations

You are partially covered in thin metallic scales. (AC +2)
You regenerate health from kills.


Message History

A frilled lizard comes into view.
A frilled lizard is nearby!
The helpless frilled lizard fails to defend itself.
You hit the frilled lizard.
You kill the frilled lizard!
An orc priest comes into view. It is wielding a +0 mace.
The orc priest shouts!
You hear a shout! x2
The orc priest calls down the wrath of Beogh upon you.
Pain shoots through your body!
An orc comes into view. It is wielding a +0 dagger.
The orc shouts!
An orc comes into view. It is wielding a +0 dagger.
The orc shouts!
You hear a shout!
An orc comes into view. It is wielding a +0 whip.
The orc priest mumbles some strange prayers to Beogh against you.
Pain shoots through your body!
An orc comes into view. It is wielding a +0 hand axe.
The orc priest hits you with a +0 mace.
You closely miss the orc priest. You slash the orc!
You kill the orc!
The orc priest looks satisfied for a moment.
The orc priest closely misses you.
You see here a +0 dagger.
You slash the orc priest!
The orc priest is severely wounded.
You hit the orc.
The orc is almost dead.
The orc priest hits you with a +0 mace. The orc closely misses you.
The orc priest looks braver for a moment.
The orc misses you.
You hit the orc priest.
The orc priest is severely wounded.
The orc priest barely misses you. The orc hits you but does no damage.
You hit the orc priest but do no damage.
The orc priest is severely wounded.
The orc priest closely misses you. The orc barely misses you.
The orc priest mumbles some strange prayers to Beogh against you.
Beogh smites you!
You die...

#.#
##...##
#
####.#
##### #
#....#
#
#.####
######
#.#
.......
#.#
#######
#.#
#...
#.#
#.##
##@#
#.#
#o)#
#.#
#o##
#.# #o
#.# .o
#.# ...
#.#
##..
#.##
#..
#...
#..
####


You could see an orc priest and 3 orcs.

Vanquished Creatures
  2 adders (D:2)
  4 dart slugs
  An orc (D:3)
  3 bats (D:1)
  6 endoplasms
  5 giant cockroaches
  6 goblins
  5 hobgoblins
  A quokka (D:3)
  6 ball pythons
  5 frilled lizards
  8 kobolds
  8 rats
60 creatures vanquished.

Notes
Turn   | Place    | Note
-------+----------+-------------------------------------------
     0 | D:1      | firemarshallily the Demonspawn Gladiator began the quest
                  | for the Orb.
     0 | D:1      | Reached XP level 1. HP: 16/16 MP: 1/1
   367 | D:1      | Gained mutation: You regenerate a little health from kills.
                  | [demonic ancestry]
   367 | D:1      | Reached XP level 2. HP: 17/22 MP: 2/2
   709 | D:1      | Gained mutation: You regenerate health from kills. [demonic
                  | ancestry]
   709 | D:1      | Reached XP level 3. HP: 28/28 MP: 3/3
  1106 | D:2      | Reached skill level 1 in Armour
  1367 | D:2      | Gained mutation: You are partially covered in thin metallic
                  | scales. (AC +2) [demonic ancestry]
  1367 | D:2      | Reached XP level 4. HP: 22/35 MP: 4/4
  1869 | D:3      | Found a faded altar of an unknown god.
  2083 | D:3      | Killed from afar by an orc priest

Illustrated notes

Levels and vault maps discovered:
D:1:      shiori_arrival_maze, layout_rooms
D:2:      minmay_diamond_boxcup, layout_basic, hangedman_feature_mirror,
          chequers_serial_rivers_micro_c
D:3:      layout_loops_ring, basic_ecumenical_altar

Skill      XL: |  1  2  3 |
---------------+----------+-----
Long Blades    | 3 |  3.4
Dodging        | 3 |  3.1
Armour         | 1 |  1.1
Fighting       | 3 |  3.1
Throwing       | |  1.7

Action                   |  1- 3 |  4- 6 || total
-------------------------+-------+-------++-------
Melee: Long sword        |   118 |    43 ||   161
       Punch             |     2 |       ||     2
 Stab: Sleeping          |     2 |     2 ||     4
Armor: Leather armour    |    42 |    16 ||    58
Dodge: Dodged            |    92 |    29 ||   121
